 Dungeon Crawl Stone Soup version 0.29-a0-919-gd064cfad1c (webtiles) character file.

Game seed: 6804563716511416114

37 pokeman the Magician (level 3, 0/20 HPs)
             Began as a Deep Elf Hedge Wizard on July 25, 2022.
             Slain by a bat (1 damage)
             ... on level 2 of the Dungeon on July 26, 2022.
             The game lasted 00:03:51 (916 turns).

pokeman the Magician (Deep Elf Hedge Wizard)         Turns: 916, Time: 00:03:52

Health: 0/20       AC:  2    Str:  7    XL:     3   Next: 21%
Magic:  3/11       EV: 12    Int: 20    God:
Gold:   13         SH:  0    Dex: 14    Spells: 11/12 levels left

rFire   . . .      SeeInvis .   m - +1 rapier (speed)
rCold   . . .      Faith    .   (no shield)
rNeg    . . .      Spirit   .   b - +0 robe
rPois   .          Reflect  .   c - +0 hat
rElec   .          Harm     .   (no cloak)
rCorr   .          Rampage  .   (no gloves)
Will    .....                   (no boots)
Stlth   ++........              (no amulet)
HPRegen 0.06/turn               (no ring)
MPRegen 0.12/turn               (no ring)

@: no status effects
A: no striking features
a: no special abilities


You were on level 2 of the Dungeon.
You visited 1 branch of the dungeon, and saw 2 of its levels.

You collected 13 gold pieces.

Inventory:

Hand Weapons
 a - a +0 dagger
 m - a +1 rapier of speed (weapon)
Armour
 b - a +0 robe (worn)
 c - a +0 hat (worn)
Scrolls
 f - a scroll of enchant armour {unknown}
 h - a scroll of fog {unknown}
 i - a scroll of torment {unknown}
 j - 5 scrolls of identify {unknown}
Potions
 d - a potion of magic
 e - a potion of mutation {unknown}
 g - 2 potions of curing {unknown}
 k - a potion of berserk rage {unknown}
 l - a potion of lignification {unknown}


   Skills:
 + Level 0.8 Fighting
 + Level 0.7 Armour
 - Level 2.4 Dodging
 - Level 2.4 Stealth
 * Level 5.1 Spellcasting
 + Level 1.8 Conjurations
 - Level 1.1 Summonings
 - Level 1.1 Translocations


You had 11 spell levels left.
You knew the following spells:

 Your Spells              Type           Power      Damage    Failure   Level
a - Magic Dart            Conj           48%        1d5       5%          1

Your spell library contained the following spells:

 Spells                   Type           Power      Damage    Failure   Level
 Blink                    Tloc           18%        N/A       11%         2
 Call Imp                 Summ           9%         N/A       11%         2
 Slow                     Hex            20%        N/A       12%         1
 Conjure Flame            Conj/Fire      8%         6-21      24%         3
 Mephitic Cloud           Conj/Pois/Air  7%         N/A       26%         3


Dungeon Overview and Level Annotations

Branches:
Dungeon (2/15)

Altars:


Message History

Found a shiny ring mail.
The bat misses you.
You miss the bat. The bat hits you but does no damage.
The bat barely misses you.
Found a stone staircase leading down.
The adder hisses angrily.
The bat closely misses you.
The dart slug briefly extends its eye-stalks.
The bat attacks as you move away! The bat hits you but does no damage.
Found a ruby potion.
The bat closely misses you. The bat barely misses you.
The bat attacks as you move away! The bat hits you but does no damage.
The bat closely misses you. The bat barely misses you.
The bat attacks as you move away! The bat misses you.
Found 14 gold pieces.
Found a stone staircase leading up.
The bat barely misses you. The bat hits you.
* * * LOW HITPOINT WARNING * * *
The bat attacks as you move away! The bat hits you but does no damage.
The bat closely misses you.
The ball python hisses angrily.
The bat hits you but does no damage. The bat closely misses you.
Found 3 stones.
The bat hits you but does no damage.
A goblin comes into view. It is wielding a +0 club.
The ball python bites you but does no damage.
The ball python misses you.
Unknown command.
Found a stone staircase leading down.
The bat barely misses you. The ball python bites you.
* * * LOW HITPOINT WARNING * * *
The ball python grabs you. The ball python constricts you.
There is a stone staircase leading up here.
Unknown command.
The goblin shouts!
You hit the ball python.
You kill the ball python!
The bat hits you but does no damage.
A goblin comes into view. It is wielding a +0 club.
The adder misses you.
Unknown command.
You miss the adder. The bat hits you.
You die...

...#..#..###
.................###
......g........#.)†#
...............###.#
...g..........####.####
..............#..w....##
..............#.........
.......b.....##.......##
.......@S...w.........#
........†............[#
........###........)..#
.(......# ##..........#
........# ##......>....
......... ##........!.
......... .......###
....####> ##.$....


You could see an adder, a dart slug, 2 goblins and a bat.

Vanquished Creatures
  An adder (D:2)
  3 ball pythons
  An endoplasm (D:1)
  A giant cockroach (D:1)
  2 goblins
  2 hobgoblins
  2 quokkas
  8 bats
  4 kobolds (D:1)
  5 rats (D:1)
29 creatures vanquished.

Notes
Turn   | Place    | Note
-------+----------+-------------------------------------------
     0 | D:1      | pokeman the Deep Elf Hedge Wizard began the quest for the
                  | Orb.
     0 | D:1      | Reached XP level 1. HP: 10/10 MP: 7/7
   225 | D:1      | Upgraded the game from 0.29-a0-911-g88e6f02907 to
                  | 0.29-a0-919-gd064cfad1c
   333 | D:1      | Reached XP level 2. HP: 15/15 MP: 3/9
   839 | D:1      | You fall into a shaft and drop 1 floor!
   844 | D:2      | Reached skill level 5 in Spellcasting
   862 | D:2      | Reached XP level 3. HP: 20/20 MP: 2/11
   914 | D:2      | HP: 1/20 [ball python (3)]
   916 | D:2      | Slain by a bat

Illustrated notes

Levels and vault maps discovered:
D:1:      dpeg_arrival_boxes_within_box, layout_rooms, minmay_cut_off
D:2:      layout_rooms, serial_shops, nicolae_diamond_shop

Skill      XL: |  1  2 |
---------------+-------+-----
Spellcasting   | 5 |  5.1
Fighting       | |  0.8
Armour         | |  0.7
Dodging        | |  2.4
Stealth        | |  2.4
Conjurations   | |  1.8
Summonings     | |  1.1
Translocations | |  1.1

Action                   || total
-------------------------++-------
Melee: Rapier            ||    15
       Dagger            ||     5
 Cast: Magic Dart        ||    65
Armor: Robe              ||    35
Dodge: Dodged            ||    61

Table legend: (Time is in decaauts)
 A = Elapsed time spent in this place.
 B = Non-inter-level travel time spent in this place.
 C = Inter-level travel time spent in this place.
 D = Time resting spent in this place.
 E = Time spent auto-exploring this place.
 F = Levels seen in this place.
 G = Mean time per level.
                   A        B        C        D        E       F      G
               +--------+--------+--------+--------+--------+-----+--------+
         Total |    912 |    912 |      0 |      0 |    760 |   2 |  456.0 |
       Dungeon |    912 |    912 |      0 |      0 |    760 |   2 |  456.0 |
               +--------+--------+--------+--------+--------+-----+--------+

Top non-repeatable levels by time:
     D:1: 839 daAuts
     D:2: 73 daAuts
